AoeStats
← Iguano Pop

Nomad

506273300Analyzed
2v2 RM · 20d ago on Sep 13, 2026· 24m 54s· 4 players
Game mode
Random Map
Map size
176×176
Population
200
Speed
Normal
Resources
Standard
Victory
Conquest
Starting age
Dark Age
Ending age
Imperial Age
RankedLock teamsTeams togetherTeam positionsShared explorationLock speedFull tech treeHidden civsTurbo modeCheats
Victory
Defeat
🇲🇽 Mapuche · Mexico
1383
+15
🇦🇺 Spanish · Australia
1364
+16
🇦🇷 Malay · Argentina
1397
-16
🇲🇽 Lithuanians · Mexico
1342
-15
Dgorcia
4:59 Loom
14:40 Feudal Age
15:24 Double-Bit Axe
16:00 Stone Mining
18:12 Castle Age
17:22 Fishing Lines
18:40 Town Watch
19:41 Fletching
20:29 Bow Saw
Killermofo
BEACH FOSSILS
Iguano Pop
6:52 Loom
15:32 Feudal Age
17:13 Town Watch
20:24 Castle Age
18:19 Fletching
24:48 Bodkin Arrow
Connection lost

Rejoining the realm…

Still unreachable

The connection could not be restored.

Session expired

The server has moved on; the page needs a fresh start.